 Dungeon Crawl Stone Soup version 0.27-a0-1359-ga2a4dfd6fd (webtiles) character file.

Game seed: 353462495901181059

24 bilbop the Caller (level 2, 0/16 HPs)
             Began as a Deep Elf Summoner on June 29, 2021.
             Succumbed to an adder's poison
             ... on level 3 of the Dungeon.
             The game lasted 00:09:36 (1879 turns).

bilbop the Caller (Deep Elf Summoner)               Turns: 1879, Time: 00:09:36

Health: 0/16       AC:  2    Str:  5    XL:     2   Next: 79%
Magic:  5/8        EV: 12    Int: 19    God:
Gold:   74         SH:  3    Dex: 15    Spells: 6/7 levels left

rFire    . . .     SeeInvis .   a - +0 dagger
rCold    . . .     Faith    .   h - +0 buckler
rNeg     . . .     Spirit   .   e - +0 robe
rPois    .         Reflect  .   (no helmet)
rElec    .         Harm     .   (no cloak)
rCorr    .         Rampage  .   (no gloves)
Will     .....                  (no boots)
Stlth    ++........             (no amulet)
HPRegen  0.05/turn              (no ring)
MPRegen  0.11/turn              (no ring)

@: lethally poisoned (0 -> -7)
A: no striking features
a: no special abilities


You were on level 3 of the Dungeon.
You visited 1 branch of the dungeon, and saw 3 of its levels.

You collected 74 gold pieces.

Inventory:

Hand Weapons
 a - a +0 dagger (weapon)
 b - a +0 short sword
Armour
 e - a +0 robe (worn)
 h - a +0 buckler (worn)
Scrolls
 c - a scroll of identify {unknown}
 f - a scroll of vulnerability {unknown}
 i - 2 scrolls of teleportation {unknown}
 j - 3 scrolls of fear {unknown}
Potions
 d - a potion of haste {unknown}
 g - a potion of resistance {unknown}
 k - 2 potions of heal wounds {unknown}


   Skills:
 + Level 0.4 Fighting
 + Level 0.3 Short Blades
 + Level 2.9 Dodging
 + Level 3.0 Stealth
 + Level 0.2 Shields
 + Level 3.2 Spellcasting
 + Level 4.5 Summonings


You had 6 spell levels left.
You knew the following spells:

 Your Spells              Type           Power      Damage    Failure   Level
a - Summon Small Mammal   Summ           80%        N/A       3%          1

Your spell library contained the following spells:

 Spells                   Type           Power      Damage    Failure   Level
 Call Imp                 Summ           20%        N/A       5%          2
 Call Canine Familiar     Summ           20%        N/A       11%         3
 Magic Dart               Conj           12%        1d3       24%         1
 Summon Guardian Golem    Hex/Summ       11%        N/A       28%         3
 Blink                    Tloc           N/A        N/A       36%         2
 Slow                     Hex            3%         N/A       36%         2
 Conjure Flame            Conj/Fire      3%         6-21      58%         3
 Mephitic Cloud           Conj/Pois/Air  3%         N/A       58%         3
 Summon Ice Beast         Ice/Summ       11%        N/A       67%         4
 Summon Lightning Spire   Summ/Air       11%        N/A       67%         4


Dungeon Overview and Level Annotations

Branches:
Dungeon (3/15)

Altars:
Cheibriados


Message History

Your rat bites the worm.
You swap places.
The worm completely misses your quokka.
Your quokka bites the worm.
Your quokka bites the worm.
The worm dies!
You swap places.
Your rat disappears in a puff of smoke!
Your quokka disappears in a puff of smoke!
There is an open door here.
There is an open door here.
You see here a +0 ring mail.
Done exploring.
There is a stone staircase leading down here.
You climb downwards.
Found 3 gold pieces.
There is a stone staircase leading up here.
An adder comes into view.
The adder hisses angrily.
The adder closely misses you. The adder barely misses you.
You hit the adder.
The adder is lightly wounded.
The adder misses you. The adder bites you. The adder bites you.
You are poisoned.
The adder poisons you! The adder bites you.
You are more poisoned.
The adder poisons you!
* * * LOW HITPOINT WARNING * * *
You feel very sick.
Your rat closely misses the adder.
You are too injured to fight recklessly!
Casting: Summon Small Mammal (safe; 3% risk of failure)
Confirm with . or Enter, or press ? or * to list all spells.
* * * LOW HITPOINT WARNING * * *
You feel very sick. The adder misses you.
Your quokka bites the adder but does no damage.
Your rat bites the adder.
You die...

## .### ...
#########$###.##
#.....@.r.......
...######S.###..
#rr# #....
#..### ...# #...
#.## #.#


You could see an adder (ally target), a friendly quokka (summoned) and a
friendly rat (summoned).

Vanquished Creatures
  A bat (D:2)
  An endoplasm (D:2)
  A giant cockroach (D:2)
  2 ball pythons (D:2)
5 creatures vanquished.

Vanquished Creatures (collateral kills)
  An adder (D:2)
  A worm (D:2)
  A bat (D:1)
  3 endoplasms (D:2)
  A giant cockroach (D:1)
  A hobgoblin (D:1)
  2 quokkas (D:2)
  3 goblins (D:2)
  2 kobolds
  4 rats
19 creatures vanquished.

Grand Total: 24 creatures vanquished

Notes
Turn   | Place    | Note
-------+----------+-------------------------------------------
     0 | D:1      | bilbop the Deep Elf Summoner began the quest for the Orb.
     0 | D:1      | Reached XP level 1. HP: 10/10 MP: 6/6
  1133 | D:2      | Reached XP level 2. HP: 15/15 MP: 8/8
  1532 | D:2      | Found a snail-covered altar of Cheibriados.
  1879 | D:3      | Succumbed to an adder's poison

Illustrated notes

Levels and vault maps discovered:
D:1:      lemuel_arrival_funnel, layout_loops_ring
D:2:      layout_basic, basic_altar
D:3:      layout_loops_ring, hellmonk_ecumenical_altar_prayer_group

Skill      XL: |  1  2 |
---------------+-------+-----
Stealth        | 3 |  3.0
Fighting       | |  0.4
Short Blades   | |  0.3
Dodging        | |  2.9
Shields        | |  0.2
Spellcasting   | |  3.2
Summonings     | |  4.5

Action                   || total
-------------------------++-------
Melee: Short sword       ||     2
       Dagger            ||    16
 Cast: Summon Small Mamm ||    50
 Stab: Sleeping          ||     2
Armor: Robe              ||     8
Dodge: Dodged            ||    22
Block: Buckler           ||     4

Table legend: (Time is in decaauts)
 A = Elapsed time spent in this place.
 B = Non-inter-level travel time spent in this place.
 C = Inter-level travel time spent in this place.
 D = Time resting spent in this place.
 E = Time spent auto-exploring this place.
 F = Levels seen in this place.
 G = Mean time per level.
                   A        B        C        D        E       F      G
               +--------+--------+--------+--------+--------+-----+--------+
         Total |   1878 |   1865 |     13 |     29 |   1548 |   3 |  626.0 |
       Dungeon |   1878 |   1865 |     13 |     29 |   1548 |   3 |  626.0 |
               +--------+--------+--------+--------+--------+-----+--------+

Top non-repeatable levels by time:
     D:2: 1017 daAuts
     D:1: 853 daAuts
     D:3: 7 daAuts
